 Dungeon Crawl Stone Soup version 0.27-a0-765-ge4d627daa3 (webtiles) character file.

Game seed: 9908749783434725329

14676 robertstho the Thaumaturge (level 12, 0/84 HPs)
             Began as a Djinni Fire Elementalist on Mar 24, 2021.
             Was an Initiate of Gozag.
             Killed by refrigeration
             ... invoked by Fannar
              (30 damage)
             ... on level 11 of the Dungeon.
             The game lasted 00:35:47 (17742 turns).

robertstho the Thaumaturge (DjFE)                  Turns: 17742, Time: 00:35:47

Health: 0/84       AC:  5    Str:  7    XL:     12   Next: 19%
Gold:   1563       EV: 20    Int: 22    God:    Gozag SH:  0 Dex: 14

rFire    + + .     SeeInvis .   d - +3 dagger (venom)
rCold    x . .     Faith    .   (no shield)
rNeg     . . .     Spirit   .   a - +0 robe
rPois    ∞         Reflect  .   h - +0 helmet
rElec    .         Harm     .   q - +0 cloak
rCorr    .         Rampage  .   f - +0 pair of gloves
Will     ++...                  (boots unavailable)
Stlth    +++.......             (no amulet)
HPRegen  0.24/turn              l - ring of willpower
MPRegen  0.00/turn              u - +4 ring of evasion

@: gold aura, flying
A: fire resistance 2, cold vulnerability 1, float, innate caster, hp casting,
extra vitality 1
a: Renounce Religion, Potion Petition, Call Merchant, Bribe Branch


You were on level 11 of the Dungeon.
You worshipped Gozag.
Gozag was most pleased with you.
You visited 2 branches of the dungeon, and saw 12 of its levels.
You also visited: Ossuary.

You collected 1635 gold pieces.
You paid 72 gold pieces to Gozag.

Inventory:

Hand Weapons
 c - a +3 short sword of freezing
 d - a +3 dagger of venom (weapon)
Armour
 a - a +0 robe (worn)
 f - a +0 pair of gloves (worn)
 h - a +0 helmet (worn)
 q - a +0 cloak (worn)
Jewellery
 l - a ring of willpower (right hand)
 u - a +4 ring of evasion (left hand)
Wands
 x - a wand of charming (11)
 y - a wand of paralysis (4)
 C - a wand of acid (7)
 D - a wand of polymorph (7)
 F - a wand of mindburst (7)
Scrolls
 i - a scroll of vulnerability {unknown}
 j - a scroll of identify
 m - 2 scrolls of magic mapping {unknown}
 n - 4 scrolls of holy word {unknown}
 o - 5 scrolls of teleportation {unknown}
 r - a scroll of random uselessness {unknown}
 s - a scroll of enchant weapon
 t - 2 scrolls of noise {unknown}
 B - a scroll of brand weapon {unknown}
 E - a scroll of immolation {unknown}
Potions
 b - a potion of invisibility
 e - 2 potions of might
 g - 2 potions of lignification
 k - a potion of cancellation {unknown}
 p - 3 potions of mutation
 v - 2 potions of brilliance


   Skills:
 * Level 6.7 Fighting
 + Level 3.8 Short Blades
 * Level 8.8 Dodging
 + Level 4.6 Stealth
 * Level 12.7 Spellcasting


You had 7 spell levels left.
You knew the following spells:

 Your Spells              Type           Power      Damage    Failure   Level
a - Foxfire               Conj/Fire      100%       2x1d9     1%          1
b - Conjure Flame         Conj/Fire      63%        6-21      1%          3
c - Inner Flame           Hex/Fire       63%        N/A       1%          3
d - Sticky Flame          Conj/Fire      63%        2d8       1%          4
e - Fireball              Conj/Fire      31%        3d13      1%          5
f - Corona                Hex            70%        N/A       1%          1
g - Passwall              Tmut/Erth      52%        N/A       1%          2
h - Call Canine Familiar  Summ           63%        N/A       1%          3
i - Tukima's Dance        Hex            63%        N/A       1%          3
j - Iskenderun's Mystic   Conj/Tloc      63%        2d13      1%          4
Your spell library was empty.

Dungeon Overview and Level Annotations

Branches:
Dungeon (11/15)            Temple (1/1) D:6            Lair (0/6) D:11
Ossuary (visited)
    Orc: D:9-12

Altars:
Cheibriados
Dithmenos
Elyvilon
Fedhas
Gozag
Kikubaaqudgha
Makhleb
Nemelex Xobeh
Okawaru
Qazlal
Ru
Sif Muna
Trog
Uskayaw
Vehumet
Xom
The Shining One
Beogh

Annotations:
D:4 Grinder
D:8 3 runed translucent doors, lessens's ghost, novice KoFE
D:11 Fannar


Innate Abilities, Weirdness & Mutations

You are immune to poison.
Your flesh is very heat resistant. (rF++)
You are vulnerable to cold. (rC-)
You float through the air rather than walking.
You learn spells naturally, not from books.
Your magical power is your life essence.
You have superior vitality. (+4 HP)


Message History

g - Guard the area. f - Follow me.
Anything else - Cancel.
You shout for attention!
What are your orders? t - Shout!
Orders for allies: a - Attack new target. r - Retreat! s - Stop attacking. g - Guard the area. f - Follow me.
Anything else - Cancel.
You shout for attention!
What are your orders? t - Shout!
Orders for allies: a - Attack new target. r - Retreat! s - Stop attacking. g - Guard the area. f - Follow me.
Anything else - Cancel.
You shout for attention!
Fannar is engulfed in blazing flames.
Okay, then.
What are your orders? t - Shout!
Orders for allies: a - Attack new target. r - Retreat! s - Stop attacking. g - Guard the area. f - Follow me.
Anything else - Cancel.
Gang up on whom?
Press: ? - help, Dir - move target, f - Fannar
Aim: Fannar, wielding a +0 quarterstaff of freezing, wearing a +2 robe of cold resistance and wearing a ring of ice (heavily wounded) Attack!
Your warg bites Fannar.
Fannar misses your warg.
Unknown command.
Your warg closely misses Fannar.
Fannar glares icily.
Fannar completely misses your warg.
Your warg completely misses Fannar.
Unknown command.
Your warg closely misses Fannar.
Fannar gestures wildly while chanting.
Fannar drains the heat from the surrounding environment!
You feel a terrible chill!
You die...
Your body crumbles into a pile of gold.

##...##.#........
##.###.##.......
### #.###.....# #.#
#...... #.# #.#+###
########.###.#.#
#.........##.#.###
#.######.###.#.#..
#@# ### #.....# #.#
#.....# ##h##
#......
#..e#########......
#.........e.$......
#...###########..).
##### #.... #..Y.
#....


You could see Fannar (ally target) and a friendly warg (summoned).

Vanquished Creatures
  Gastronok (D:9)
  Erolcha (D:9)
  Harold (D:10)
  4 two-headed ogres
  Pikel (D:6)
  An unseen horror (D:11)
  Maggie (D:6)
  3 slime creatures (D:9)
  Prince Ribbit (D:9)
  2 wyverns (D:11)
  A shadow (D:10)
  15 yaks
  A basilisk (D:11)
  A steam dragon (D:8)
  An acid dragon (D:9)
  4 water moccasins
  Duvessa (D:6)
  7 orc warriors
  2 ice beasts
  A necrophage (D:9)
  2 centaurs (D:9)
  A kobold brigand (D:8)
  2 bullfrogs (D:8)
  A gnoll sergeant (D:8)
  4 water moccasin zombies (Ossuary)
  Dowan (D:6)
  A wyvern skeleton (D:7)
  A water moccasin skeleton (D:4)
  4 killer bees
  3 wights (D:8)
  4 howler monkeys
  2 bullfrog zombies
  2 centaur zombies
  A hound (D:5)
  A bullfrog skeleton (D:6)
  5 orc priests
  2 gnoll shamans
  8 orc wizards
  3 worker ants (D:5)
  A killer bee zombie (D:9)
  A hound skeleton (D:9)
  A mummy (Ossuary)
  Robin (D:3)
  A howler monkey zombie (D:9)
  15 gnolls
  7 adders
  A shadow imp (D:6)
  4 adder zombies (Ossuary)
  2 worms
  A dart slug (D:1)
  29 orcs
  2 ball pythons (D:2)
  6 endoplasms
  A giant cockroach (D:1)
  A gnoll zombie (Ossuary)
  12 goblins
  6 hobgoblins
  10 jackals
  5 quokkas
  5 bats
  2 frilled lizards (D:1)
  A goblin zombie (D:4)
  6 hobgoblin zombies (Ossuary)
  10 kobolds
  2 kobold zombies (Ossuary)
  3 orc zombies (Ossuary)
  6 rats
240 creatures vanquished.

Vanquished Creatures (collateral kills)
  Nergalle (D:11)
  A wyvern (D:11)
  3 yaks
  Menkaure (D:6)
  A sky beast (D:4)
  2 ogres
  A gnoll sergeant (D:6)
  A water moccasin skeleton (D:6)
  2 water moccasin zombies (Ossuary)
  2 scorpions (D:6)
  3 wights (D:8)
  A bullfrog zombie (D:6)
  An orc priest (D:7)
  A jelly (D:6)
  An iron imp (D:9)
  A bullfrog skeleton (D:5)
  A killer bee zombie (D:5)
  A howler monkey zombie (D:7)
  A mummy (Ossuary)
  6 gnolls
  2 adders
  A white imp (D:7)
  2 adder zombies (Ossuary)
  11 orcs
  An endoplasm (D:4)
  2 gnoll zombies (Ossuary)
  A goblin zombie (D:4)
  A hobgoblin zombie (Ossuary)
  3 kobold zombies (Ossuary)
  2 orc zombies (Ossuary)
58 creatures vanquished.

Vanquished Creatures (others)
  A water moccasin zombie (Ossuary)
  An adder zombie (Ossuary)
  A bush (D:11)
  427 foxfires
  3 fungi
  28 plants
461 creatures vanquished.

Grand Total: 759 creatures vanquished

Notes
Turn   | Place    | Note
-------+----------+-------------------------------------------
     0 | D:1      | robertstho the Djinni Fire Elementalist began the quest for
                  | the Orb.
     0 | D:1      | Reached XP level 1. HP: 15/15 MP: 0/0
   336 | D:1      | Reached skill level 3 in Spellcasting
   416 | D:1      | Reached XP level 2. HP: 19/21 MP: 0/0
   791 | D:1      | Reached XP level 3. HP: 22/26 MP: 0/0
   791 | D:1      | Learned a level 1 spell: Corona
  1393 | D:2      | Found a blossoming altar of Fedhas.
  1399 | D:2      | Reached skill level 1 in Fighting
  1428 | D:2      | Reached XP level 4. HP: 28/32 MP: 0/0
  1883 | D:2      | Reached XP level 5. HP: 17/37 MP: 0/0
  1883 | D:2      | Learned a level 2 spell: Passwall
  2115 | D:2      | Reached skill level 4 in Spellcasting
  2970 | D:3      | Noticed Robin
  3019 | D:3      | Killed Robin
  3792 | D:4      | Reached XP level 6. HP: 26/43 MP: 0/0
  3997 | D:4      | Found a sand-covered staircase.
  4004 | Ossuary  | Entered an ossuary
  4310 | Ossuary  | Reached skill level 5 in Spellcasting
  4310 | Ossuary  | Reached XP level 7. HP: 32/49 MP: 0/0
  4310 | Ossuary  | Learned a level 3 spell: Call Canine Familiar
  5359 | D:4      | Reached skill level 5 in Dodging
  5573 | D:4      | Noticed Grinder
  5611 | D:5      | Entered Level 5 of the Dungeon
  5935 | D:5      | Reached XP level 8. HP: 47/55 MP: 0/0
  6022 | D:5      | Reached skill level 6 in Spellcasting
  6469 | D:5      | Found a hide-covered altar of Uskayaw.
  7069 | D:6      | Noticed Pikel
  7090 | D:6      | Killed Pikel
  7091 | D:6      | Reached skill level 7 in Spellcasting
  7091 | D:6      | Reached XP level 9. HP: 28/61 MP: 0/0
  7091 | D:6      | Learned a level 3 spell: Tukima's Dance
  7681 | D:6      | Noticed Maggie
  7696 | D:6      | Killed Maggie
  7841 | D:6      | Found a sparkling altar of Nemelex Xobeh.
  7855 | D:6      | Reached skill level 8 in Spellcasting
  7919 | D:6      | Found a sparkling altar of Nemelex Xobeh.
  8002 | D:6      | Found a shimmering altar of Xom.
  8220 | D:6      | Noticed Menkaure
  8229 | D:6      | Killed Menkaure
  8306 | D:6      | Found a bloodstained altar of Trog.
  8466 | D:6      | Noticed Duvessa
  8466 | D:6      | Noticed Dowan
  8487 | D:6      | Killed Duvessa
  8488 | D:6      | Killed Dowan
  8827 | D:6      | Reached skill level 1 in Short Blades
  8911 | D:6      | Found a staircase to the Ecumenical Temple.
  9106 | Temple   | Entered the Ecumenical Temple
  9314 | Temple   | Became a worshipper of Gozag Ym Sagoz the Greedy
 10512 | D:8      | HP: 1/62 [killer bee (8)]
 10931 | D:8      | Reached skill level 9 in Spellcasting
 11067 | D:7      | Reached XP level 10. HP: 47/69 MP: 0/0
 11802 | D:8      | Reached skill level 5 in Fighting
 12219 | D:8      | Noticed lessens's ghost (novice KoFE)
 12220 | D:8      | Found a runed translucent gate.
 12220 | D:8      | Found a runed translucent gate.
 12221 | D:8      | Found a runed translucent gate.
 12377 | D:8      | Found a runed translucent door.
 13241 | D:9      | Noticed Gastronok
 13248 | D:9      | Noticed a two-headed ogre
 13286 | D:9      | Noticed Prince Ribbit
 13763 | D:9      | Killed Prince Ribbit
 13764 | D:9      | Reached skill level 10 in Spellcasting
 13780 | D:9      | Killed Gastronok
 13781 | D:9      | Reached XP level 11. HP: 39/76 MP: 0/0
 13781 | D:9      | Learned a level 4 spell: Iskenderun's Mystic Blast
 13784 | D:9      | Reached skill level 11 in Spellcasting
 13883 | D:9      | Noticed a two-headed ogre
 13892 | D:9      | Killed a two-headed ogre
 14144 | D:9      | Noticed Erolcha
 14153 | D:9      | Killed Erolcha
 14168 | D:9      | Killed a two-headed ogre
 14501 | D:9      | Found a burning altar of Makhleb.
 14677 | D:9      | Found a snail-covered altar of Cheibriados.
 15228 | D:9      | Noticed a two-headed ogre
 15231 | D:9      | Killed a two-headed ogre
 15449 | D:10     | Entered Level 10 of the Dungeon
 15492 | D:10     | Noticed Harold
 15497 | D:10     | Killed Harold
 15794 | D:10     | Reached skill level 12 in Spellcasting
 16062 | D:10     | Noticed a two-headed ogre
 16069 | D:10     | Killed a two-headed ogre
 16702 | D:11     | Noticed Nergalle
 16712 | D:11     | Killed Nergalle
 17169 | D:11     | Reached XP level 12. HP: 75/84 MP: 0/0
 17595 | D:11     | Found a staircase to the Lair.
 17724 | D:11     | Noticed Fannar
 17742 | D:11     | Killed from afar by Fannar

Illustrated notes

Levels and vault maps discovered:
D:1:      minmay_arrival_wavy_path, layout_basic
D:2:      layout_basic, nicolae_overflow_crystal_walls, nrook_mini_backslash,
          serial_bayou_pond_d
D:3:      layout_basic, supply_closet_lemuel, uniq_robin
D:4:      layout_cave_pools, kennysheep_mini_moat, old_standard_altar,
          enter_ossuary_4, uniq_grinder
D:5:      layout_gridville, marbit_many_paths, minmay_misc_feat_diagonals,
          guppyfry_early_orc_mine
D:6:      layout_loops_ring, lemuel_round_altar, lemuel_coloured_pillars_altar,
          old_standard_altar, nemelex_xobeh_ov_fountains_minmay,
          minmay_temple_entry_sparse_star, basic_altar, uniq_pikel,
          uniq_menkaure, uniq_maggie, uniq_duvessa
D:7:      layout_gridville, nrook_uturn
D:8:      minmay_evil_eye, layout_rooms, gammafunk_ghost_nasty_kobolds,
          lightli_church_of_beogh
D:9:      layout_basic, makhleb_blood_cavern_becter, slow_altar_2,
          minmay_circle_x, uniq_prince_ribbit1, uniq_erolcha, uniq_gastronok
D:10:     layout_basic, uniq_harold
D:11:     layout_loops_corners, minmay_lair_entry_grove, uniq_fannar,
          uniq_nergalle
Temple:   minmay_temple_forest_path

Skill      XL: |  1  2  3  4  5  6  7  8  9 10 11 |
---------------+----------------------------------+-----
Spellcasting   | 3 4 5 7 9 10 12 | 12.7
Fighting       | 1 2 3 4 5 6 |  6.7
Dodging        | 3 4 5 6 7 8 |  8.8
Stealth        | 2 3 4 |  4.6
Short Blades   | 2 3 |  3.8

Action                   |  1- 3 |  4- 6 |  7- 9 | 10-12 || total
-------------------------+-------+-------+-------+-------++-------
Melee: Short sword       |     4 |       |       |       ||     4
       Dagger            |    15 |    25 |   139 |    74 ||   253
 Cast: Foxfire           |    38 |   109 |    82 |    14 ||   243
       Passwall          |       |     1 |       |       ||     1
       Sticky Flame      |       |     2 |    21 |    22 ||    45
       Call Canine Famil |       |       |    40 |    15 ||    55
       Fireball          |       |       |     4 |    94 ||    98
       Tukima's Dance    |       |       |     1 |       ||     1
       Conjure Flame     |       |       |       |     5 ||     5
  Use: Scroll            |     1 |     2 |     3 |     4 ||    10
       Potion            |       |     3 |     6 |     3 ||    12
 Stab: Distracted        |       |       |     2 |     2 ||     4
       Invisible         |       |       |     1 |       ||     1
       Sleeping          |       |       |     1 |       ||     1
Armor: Robe              |     9 |    21 |    47 |    10 ||    87
Dodge: Dodged            |    29 |    64 |   150 |    73 ||   316

Table legend: (Time is in decaauts)
 A = Elapsed time spent in this place.
 B = Non-inter-level travel time spent in this place.
 C = Inter-level travel time spent in this place.
 D = Time resting spent in this place.
 E = Time spent auto-exploring this place.
 F = Levels seen in this place.
 G = Mean time per level.
                   A        B        C        D        E       F      G
               +--------+--------+--------+--------+--------+-----+--------+
         Total |  17738 |  17369 |    369 |   3488 |  11417 |  13 | 1364.5 |
       Dungeon |  16534 |  16222 |    312 |   3290 |  10757 |  11 | 1503.1 |
        Temple |    234 |    177 |     57 |      0 |    171 |   1 |  234.0 |
       Ossuary |    969 |    969 |      0 |    198 |    489 |   1 |  969.0 |
               +--------+--------+--------+--------+--------+-----+--------+

Top non-repeatable levels by time:
     D:6: 2215 daAuts
     D:7: 2198 daAuts
     D:8: 1914 daAuts
     D:9: 1866 daAuts
     D:5: 1412 daAuts
     D:1: 1322 daAuts
     D:3: 1283 daAuts
    D:10: 1212 daAuts
     D:2: 1107 daAuts
    D:11: 1074 daAuts
 Ossuary: 969 daAuts
     D:4: 926 daAuts
  Temple: 234 daAuts
